Map: Abyssal Reef LE

Players

LiquidSnute (Snute)

  • Race: Zerg Zerg
  • League: Master
  • Spawn Location: 11:00

Harstem - Winner!

  • Race: Protoss Protoss
  • League: Master
  • Spawn Location: 5:00

Event: HomeStory Cup XV

VOD

Have the link to the VOD?

Description

Time

  • Played on: July 22, 2017, 12:45 p.m.
  • Length: 18:11

All games in this series

Show
View Real Time Build Order
Export as new Build Order

LiquidSnute Zerg 

Build Orders: Hatch First 

Get SALT Encoding   

  12  0:00  Drone  
  13  0:12  Overlord  
  13  0:17  Drone  
  14  0:30  Drone x2  
  14  0:34  Drone  
  17  0:45  Drone  
  18  0:56  Hatchery  
  17  0:58  Drone  
  17  1:00  Extractor  
  17  1:14  Spawning Pool  
  17  1:16  Drone  
  17  1:20  Drone  
  18  1:28  Drone  
  19  1:38  Overlord  
  19  1:49  Drone  
  20  2:00  Queen, Metabolic Boost, Drone  
  23  2:07  Queen  
  23  2:08  Drone  
  26  2:11  Drone  
  27  2:18  Zergling x2  
  27  2:21  Drone  
  29  2:31  Zergling x2  
  29  2:34  Drone  
  31  2:37  Queen  
  31  2:41  Overlord  
  31  2:43  Drone  
  35  2:51  Drone  
  35  2:54  Zergling x2  
  36  3:01  Drone  
  36  3:02  Queen  
  36  3:04  Drone  
  40  3:11  Drone x2  
  40  3:12  Drone x2  
  43  3:18  Drone  
  43  3:19  Drone, Overlord  
  44  3:23  Overlord  
  44  3:30  Extractor  
  44  3:31  Drone  
  44  3:32  Hatchery, Drone  
  44  3:37  Queen  
  46  3:42  Drone x2  
  48  3:48  Drone  
  48  3:51  Drone x3  
  52  3:56  Zergling x8  
  56  4:03  Zergling x2  
  56  4:07  Overlord  
  57  4:10  Spore Crawler  
  57  4:13  Spore Crawler  
  57  4:15  Evolution Chamber  
  53  4:17  Drone x2  
  55  4:26  Drone x3  
  55  4:27  Drone  
  55  4:28  Lair  
  55  4:29  Drone  
  55  4:30  Drone x2  
  62  4:38  Baneling Nest  
  61  4:42  Drone x2  
  61  4:44  Zerg Melee Weapons Level 1  
  63  4:45  Drone  
  63  4:48  Drone  
  63  4:49  Spore Crawler, Drone  
  64  4:55  Zergling x2  
  64  4:58  Overlord  
  64  4:59  Zergling x6  
  68  5:02  Zergling x4  
  70  5:10  Evolution Chamber  
  70  5:11  Overlord  
  68  5:16  Drone  
  68  5:18  Drone x6  
  74  5:24  Extractor, Zergling x2  
  74  5:26  Centrifical Hooks  
  74  5:30  Zergling x8, Hydralisk Den  
  74  5:32  Overseer  
  76  5:42  Hydralisk Den  
  76  5:43  Zergling x12  
  80  5:53  Drone x4  
  80  5:56  Zerg Missile Weapons Level 1  
  80  5:57  Drone x5  
  89  6:10  Overlord  
  89  6:12  Hatchery  
  89  6:17  Zergling x16  
  90  6:23  Hydralisk  
  90  6:24  Hydralisk  
  87  6:26  Hydralisk  
  87  6:30  Zergling x6  
  87  6:31  Zergling x2  
  93  6:38  Hydralisk  
  95  6:41  Zergling x2  
  95  6:42  Zergling x4  
  98  6:47  Overlord  
  98  6:51  Overlord x2  
  98  6:57  Overlord  
  98  6:58  Infestation Pit  
  98  7:00  Extractor  
  96  7:05  Overlord  
  96  7:06  Drone x4  
  96  7:07  Drone x5  
  105  7:09  Extractor  
  105  7:10  Drone  
  105  7:13  Drone x3  
  105  7:14  Drone  
  109  7:21  Drone  
  110  7:25  Drone x3  
  110  7:27  Muscular Augments  
  113  7:30  Drone  
  113  7:36  Hive  
  114  7:38  Drone x4  
  114  7:39  Extractor  
  114  7:40  Drone x2  
  114  7:41  Zergling x6  
  122  7:49  Spire  
  122  7:50  Zergling x12  
  127  7:53  Spore Crawler  
  123  8:02  Drone  
  123  8:03  Drone x4  
  123  8:05  Drone x3  
  130  8:09  Hydralisk x5  
  140  8:19  Extractor  
  136  8:34  Zerg Melee Weapons Level 2  
  136  8:37  Zergling x10  
  136  8:38  Zergling x6  
  140  8:59  Adrenal Glands  
  140  9:01  Greater Spire  
  140  9:02  Zergling x8  
  137  9:03  Zergling x12  
  137  9:04  Overlord x3  
  137  9:07  Overlord x2  
  143  9:13  Overlord  
  143  9:16  Overlord x2  
  143  9:19  Overlord  
  143  9:21  Queen x2, Hatchery  
  143  9:24  Queen x2  
  146  9:28  Zerg Missile Weapons Level 2  
  150  9:37  Overseer  
  150  9:40  Corruptor x7  
  164  9:48  Zergling x16  
  165  10:13  Brood Lord x2  
  165  10:14  Brood Lord x2  
  173  10:16  Zergling x18  
  173  10:17  Zergling x2  
  183  10:21  Brood Lord  
  183  10:25  Spore Crawler  
  184  10:30  Brood Lord  
  188  10:36  Brood Lord  
  178  10:45  Hydralisk  
  178  10:46  Hydralisk x4  
  178  10:54  Drone x5  
  178  10:55  Drone x2  
  184  11:01  Hydralisk x6  
  187  11:09  Baneling x6  
  182  11:24  Overlord  
  178  11:26  Zergling x28  
  185  11:47  Zerg Melee Weapons Level 3  
  185  11:49  Corruptor x5  
  194  11:57  Extractor  
  194  11:58  Extractor, Zergling x2  
  194  11:59  Zergling x12  
  199  12:08  Hatchery  
  196  12:10  Pneumatized Carapace  
  196  12:26  Overseer  
  196  12:27  Overseer x2  
  196  12:35  Spore Crawler  
  196  12:36  Spore Crawler x3  
  192  12:37  Spore Crawler  
  192  12:38  Spore Crawler  
  192  12:39  Spore Crawler  
  189  12:46  Zerg Flyer Armor Level 1  
  188  13:00  Brood Lord x5  
  189  13:06  Spore Crawler x2  
  189  13:09  Hydralisk x7  
  189  13:12  Hydralisk x4  
  180  13:18  Corruptor  
  173  13:31  Hydralisk x6  
  173  13:33  Zergling x28  
  191  13:42  Corruptor x2  
  194  13:50  Corruptor  
  194  13:51  Corruptor  
  198  14:04  Baneling x11  
  178  14:14  Zergling x2  
  178  14:15  Zergling x38  
  153  14:28  Hydralisk x4  
  153  14:29  Hydralisk  
  125  14:43  Hydralisk  
  125  14:44  Hydralisk x4  
  117  14:52  Hydralisk x3  
  112  15:02  Hydralisk x3  
  109  15:09  Hydralisk x2  
  109  15:13  Hydralisk x2  
  117  15:16  Hydralisk  
  119  15:21  Hydralisk  
  119  15:22  Hydralisk  
  119  15:25  Hydralisk  
  125  15:32  Hydralisk  
  125  15:33  Hydralisk x2  
  131  15:49  Hydralisk x7  
  125  15:55  Hydralisk x3  
  129  15:59  Hydralisk  
  131  16:07  Zergling x2  
  131  16:08  Zergling x12  
  131  16:10  Hydralisk  
  138  16:24  Hydralisk x5  
  139  16:34  Baneling x12  
  139  16:37  Hydralisk  
  139  16:38  Hydralisk  
  143  16:40  Zergling x2  
  143  16:41  Zergling x4  
  143  16:44  Hydralisk  
  139  17:03  Zergling x34  
  156  17:11  Zergling x2  
  156  17:12  Baneling x5  
  135  17:33  Zergling x6  
  135  17:34  Hydralisk  
  135  17:35  Hydralisk x9  
  131  17:39  Hydralisk x2  
  107  17:44  Hydralisk x2  
  107  17:45  Hydralisk  
Show
View Real Time Build Order
Export as new Build Order

Harstem Protoss - Winner!

Build Orders: 1 Gate Expand, Oracle Opening 

Get SALT Encoding   

  12  0:00  Probe (Chrono Boost)  
  13  0:11  Probe (Chrono Boost)  
  14  0:17  Pylon  
  14  0:22  Probe (Chrono Boost)  
  15  0:36  Probe (Chrono Boost)  
  15  0:41  Gateway  
  16  0:46  Probe (Chrono Boost)  
  16  0:49  Assimilator  
  18  0:57  Probe (Chrono Boost)  
  18  1:07  Probe (Chrono Boost)  
  19  1:18  Probe (Chrono Boost)  
  20  1:26  Nexus  
  20  1:36  Cybernetics Core  
  20  1:39  Probe (Chrono Boost)  
  21  1:44  Assimilator  
  21  1:50  Probe (Chrono Boost)  
  22  1:54  Pylon  
  23  2:01  Probe (Chrono Boost)  
  23  2:12  Probe (Chrono Boost), Adept  
  26  2:22  Stargate  
  26  2:24  Probe (Chrono Boost)  
  27  2:31  Warp Gate  
  27  2:35  Probe (Chrono Boost)  
  28  2:38  Probe (Chrono Boost)  
  28  2:43  Pylon  
  29  2:45  Probe (Chrono Boost)  
  29  2:49  Probe (Chrono Boost)  
  31  2:55  Pylon  
  31  2:56  Probe (Chrono Boost)  
  32  3:00  Probe (Chrono Boost), Pylon  
  33  3:06  Probe (Chrono Boost)  
  33  3:11  Probe (Chrono Boost), Oracle (Chrono Boost)  
  35  3:17  Probe  
  39  3:22  Probe, Adept (Chrono Boost)  
  39  3:25  Gateway  
  40  3:29  Probe  
  40  3:31  Gateway  
  40  3:34  Probe  
  42  3:41  Probe (Chrono Boost)  
  42  3:46  Probe (Chrono Boost)  
  44  3:48  Pylon  
  44  3:58  Probe (Chrono Boost)  
  44  4:00  Twilight Council  
  44  4:01  Probe (Chrono Boost)  
  46  4:06  Oracle, Assimilator  
  46  4:07  Pylon  
  46  4:09  Pylon  
  49  4:12  Probe (Chrono Boost)  
  49  4:13  Probe (Chrono Boost)  
  51  4:22  Probe (Chrono Boost)  
  53  4:24  Probe (Chrono Boost)  
  53  4:25  Pylon  
  53  4:33  Probe (Chrono Boost)  
  53  4:34  Adept x3  
  60  4:43  Resonating Glaives (Chrono Boost)  
  60  4:47  Nexus  
  60  4:48  Probe  
  60  4:49  Pylon  
  61  4:55  Adept x2  
  61  4:56  Probe  
  61  4:57  Adept  
  68  5:00  Probe  
  68  5:06  Assimilator  
  69  5:07  Probe  
  69  5:09  Pylon  
  69  5:12  Probe  
  71  5:17  Probe  
  71  5:18  Adept x2  
  71  5:19  Adept  
  78  5:24  Probe  
  78  5:28  Probe  
  79  5:34  Robotics Facility  
  80  5:36  Probe  
  80  5:38  Probe, Adept x2  
  80  5:40  Adept  
  88  5:49  Probe  
  89  5:53  Mothership Core  
  91  5:59  Pylon  
  91  6:00  Forge, Probe, Adept x2  
  91  6:01  Probe, Sentry  
  99  6:10  Probe  
  99  6:12  Probe  
  99  6:16  Probe  
  96  6:21  Probe  
  96  6:22  Probe  
  96  6:24  Warp Prism (Chrono Boost)  
  96  6:25  Zealot, Sentry  
  100  6:28  Probe  
  100  6:29  Templar Archives  
  100  6:31  Probe  
  103  6:33  Probe  
  103  6:38  Protoss Ground Weapons Level 1 (Chrono Boost)  
  105  6:40  Probe  
  105  6:42  Probe  
  105  6:43  Probe  
  105  6:44  Assimilator  
  105  6:46  Gateway  
  108  6:48  Zealot, Sentry, Assimilator  
  108  6:50  Pylon  
  108  6:52  Pylon, Probe  
  108  6:53  Probe  
  114  7:03  Pylon  
  114  7:08  Immortal  
  118  7:09  Gateway  
  118  7:12  Gateway  
  115  7:20  Psionic Storm  
  115  7:21  Zealot x3  
  121  7:24  Charge  
  121  7:27  Gateway  
  121  7:30  Pylon  
  121  7:40  Probe  
  121  7:41  Pylon  
  122  7:46  Gateway  
  122  7:47  Immortal (Chrono Boost)  
  122  7:50  Pylon, High Templar x2  
  122  7:51  High Templar x2  
  134  8:08  Photon Cannon  
  134  8:09  Nexus  
  134  8:10  Pylon  
  134  8:12  Pylon  
  134  8:17  Pylon  
  134  8:20  Protoss Ground Weapons Level 2  
  134  8:22  Robotics Facility  
  134  8:24  Warp Prism (Chrono Boost)  
  134  8:25  High Templar  
  136  8:31  Photon Cannon  
  136  8:32  Photon Cannon  
  136  8:41  Gateway  
  136  8:43  Zealot  
  136  8:44  Gateway  
  136  8:47  Pylon  
  136  8:52  Zealot x2  
  136  8:53  Zealot x2, Adept  
  140  9:02  Immortal (Chrono Boost)  
  140  9:04  Robotics Facility  
  140  9:14  Fleet Beacon  
  140  9:16  Immortal (Chrono Boost)  
  144  9:17  Stargate  
  144  9:18  Probe  
  144  9:19  High Templar, Assimilator  
  144  9:20  Zealot x5, High Templar  
  144  9:22  Probe  
  144  9:24  Assimilator  
  160  9:25  Probe  
  160  9:27  Archon  
  161  9:33  Pylon  
  161  9:40  Zealot x4  
  161  9:41  Zealot x3  
  171  9:53  Protoss Air Weapons Level 1 (Chrono Boost)  
  171  9:55  Stargate  
  171  9:56  Probe  
  168  10:00  Tempest (Chrono Boost)  
  168  10:03  Tempest (Chrono Boost)  
  168  10:04  Probe  
  168  10:05  Probe x2  
  179  10:07  Photon Cannon  
  179  10:18  Observer  
  186  10:30  Zealot x4  
  190  10:43  Tempest (Chrono Boost)  
  190  10:45  Tempest (Chrono Boost)  
  190  10:49  Photon Cannon, Tempest (Chrono Boost)  
  188  10:51  Pylon  
  188  10:52  Zealot x4  
  192  11:02  Zealot x3  
  197  11:09  Observer  
  188  11:18  Zealot x2  
  188  11:19  Zealot x4  
  194  11:27  Zealot x3  
  200  11:38  Photon Cannon  
  200  11:39  Photon Cannon  
  200  11:40  Photon Cannon  
  190  11:48  High Templar x3  
  190  11:49  High Templar  
  190  11:51  Void Ray (Chrono Boost)  
  190  11:53  High Templar x2  
  198  11:54  Archon x2  
  198  11:57  High Templar  
  200  12:03  High Templar  
  195  12:11  Archon x2  
  199  12:18  Tempest (Chrono Boost)  
  199  12:25  Nexus  
  199  12:26  Pylon  
  199  12:29  Assimilator x2  
  199  12:33  Observer  
  196  12:46  Photon Cannon  
  196  12:48  Photon Cannon  
  196  12:49  High Templar x2  
  196  12:51  Zealot, Photon Cannon  
  198  12:52  Photon Cannon  
  198  12:54  Archon  
  173  13:09  Zealot x2  
  173  13:10  Zealot x5  
  171  13:21  Probe  
  171  13:24  Void Ray (Chrono Boost)  
  171  13:25  Void Ray (Chrono Boost)  
  178  13:30  Void Ray (Chrono Boost), High Templar x4  
  178  13:34  Archon  
  182  13:44  Probe  
  183  13:51  Zealot x5  
  193  14:02  Void Ray (Chrono Boost)  
  197  14:04  Oracle (Chrono Boost)  
  173  14:28  Zealot x4  
  147  14:32  Zealot x2  
  147  14:37  Zealot x3  
  102  14:55  High Templar x3  
  102  14:56  Zealot x2, High Templar  
  112  15:00  Zealot  
  112  15:01  Archon x2  
  114  15:19  High Templar x4  
  114  15:20  Zealot  
  124  15:25  Assimilator  
  124  15:35  Zealot  
  124  15:36  Zealot x2  
  124  15:37  High Templar  
  130  15:55  Zealot x4  
  130  15:59  High Templar x3  
  130  16:00  High Templar  
  130  16:04  Archon x2  
  138  16:12  Immortal  
  140  16:22  Zealot x5  
  146  16:35  High Templar  
  146  16:36  High Templar x2  
  146  16:39  Zealot  
  150  16:40  Immortal  
  154  16:51  High Templar  
  136  17:02  Zealot x5  
  146  17:08  High Templar x2  
  146  17:09  Zealot  
  152  17:15  Archon  
  146  17:34  Zealot x6  
  135  17:44  High Templar x2  
  135  17:45  High Templar  
  135  17:48  Archon x2  
  141  17:52  Archon  
  137  17:59  Zealot x4  
  137  18:00  Zealot x2  
Tags
 
Add a new tag
Caveats
  • Supply blocks, unpowered buildings, or Contaminate may cause inaccurate times.
  • Supply counts are checked every 10 seconds.